 Dungeon Crawl Stone Soup version 0.21.1-1-g345015fe64 (webtiles) character file.

464 PikkenKukken the Slasher (level 6, -3/49 HPs)
             Began as a Demonspawn Abyssal Knight on June 22, 2018.
             Was a Priest of Lugonu.
             Slain by aaaaaaaaaaaaaaaaaa's ghost (11 damage)
             ... on level 4 of the Dungeon.
             The game lasted 00:11:21 (4213 turns).

PikkenKukken the Slasher (DsAK)                     Turns: 4213, Time: 00:11:21

Health: -3/49      AC: 10    Str: 15    XL:     6   Next: 80%
Magic:  7/8        EV:  9    Int: 13    God:    Lugonu [***...]
Gold:   198        SH:  0    Dex: 12    Spells: 5/5 levels left

rFire    + . .     SeeInvis .   a - +2 falchion
rCold    . . .     Gourm    .   (no shield)
rNeg     . . .     Faith    +   m - +0 scale mail
rPois    .         Spirit   .   (helmet restricted)
rElec    .         Reflect  .   k - +1 cloak
rCorr    .         Harm     .   f - +0 pair of gloves
MR       .....                  (no boots)
Stlth    ..........             b - amulet of faith
HPRegen  0.16/turn              j - ring of protection from fire
MPRegen  0.11/turn              (no ring)

@: no status effects
A: antennae 2, demonic guardian 1, powered by pain 1
a: Depart the Abyss, Bend Space, Banish, Renounce Religion


You were on level 4 of the Dungeon.
You worshipped Lugonu.
Lugonu was most pleased with you.
You were hungry.

You visited 1 branch of the dungeon, and saw 4 of its levels.
You visited the Abyss 1 time.

You collected 198 gold pieces.

Inventory:

Hand Weapons
 a - a +2 falchion (weapon)
Missiles
 g - 57 arrows
Armour
 f - a +0 pair of gloves (worn)
 k - a +1 cloak (worn)
 m - a +0 scale mail (worn)
Jewellery
 b - an amulet of faith (around neck)
 j - a ring of protection from fire (left hand)
Scrolls
 d - 2 scrolls of enchant armour
 e - 3 scrolls of remove curse
 i - 5 scrolls of identify
Comestibles
 c - 3 rations


   Skills:
 + Level 4.5 Fighting
 - Level 5.0 Long Blades
 + Level 3.4 Armour
 - Level 1.0 Dodging
 - Level 2.6 Invocations


You had 5 spell levels left.
You didn't know any spells.

Dungeon Overview and Level Annotations

Branches:
Dungeon (4/15)
 Temple: D:4-7

Altars:
Fedhas
Xom

Annotations:
D:4 aaaaaaaaaaaaaaaaaa's ghost, novice TrMo


Innate Abilities, Weirdness & Mutations

You have a pair of antennae on your head.
A weak demonic guardian rushes to your aid.
You sometimes gain a little power by taking damage.


Message History

Your ufetubus closely misses aaaaaaaaaaaaaaaaaa's ghost. x2
Found 14 bolts.
Your ufetubus closely misses aaaaaaaaaaaaaaaaaa's ghost.
Your ufetubus misses aaaaaaaaaaaaaaaaaa's ghost.
Aaaaaaaaaaaaaaaaaa's ghost hits your iron imp!
You see here 14 bolts.
Your iron imp misses aaaaaaaaaaaaaaaaaa's ghost.
Aaaaaaaaaaaaaaaaaa's ghost closely misses your iron imp.
Something hits your iron imp!
Your iron imp dies!
Found a scroll of identify.
Found 23 arrows.
i - 5 scrolls of identify (gained 1)
Your iron imp completely misses aaaaaaaaaaaaaaaaaa's ghost.
Aaaaaaaaaaaaaaaaaa's ghost hits your iron imp but does no damage.
Something hits your iron imp!
Your iron imp barely misses aaaaaaaaaaaaaaaaaa's ghost.
g - 57 arrows (gained 23) Space bends around you!
You blink.
Aaaaaaaaaaaaaaaaaa's ghost hits you!
You die...

#.## ##.# ######.#
##....#.##
.........##
..........### ###
............## #.#
.............#####.#
.............@W§.5.#
............#####..#
...........## #..#
#..........# #..#
.........## #..#
...###### #### #..


You could see aaaaaaaaaaaaaaaaaa's ghost and a friendly white imp.

Vanquished Creatures
  An ogre (D:4)
  A hound (D:4)
  Jessica (D:2)
  A worker ant (D:4)
  A hound skeleton (D:4)
  4 gnolls
  4 adders
  3 oozes
  2 worms (D:2)
  8 leopard geckos
  9 orcs (D:3)
  4 giant cockroaches
  3 goblins
  5 hobgoblins
  5 jackals
  2 quokkas (D:3)
  A ball python (D:2)
  6 bats
  4 frilled lizards (D:1)
  A jackal skeleton (D:4)
  8 kobolds
  13 rats
  A fungus (D:1)
88 creatures vanquished.

Vanquished Creatures (collateral kills)
  The ghost of Tanis the Ruffian, an amateur DrTm of Fedhas (D:3)
  Crazy Yiuf (D:2)
  A gnoll (D:2)
  A leopard gecko (D:3)
  A jackal (D:3)
  A kobold (D:2)
6 creatures vanquished.

Grand Total: 94 creatures vanquished

Notes
Turn   | Place    | Note
-------+----------+-------------------------------------------
     0 | Abyss:1  | PikkenKukken the Demonspawn Abyssal Knight began the quest for the Orb.
     0 | Abyss:1  | Reached XP level 1. HP: 18/18 MP: 2/2
    78 | Abyss:1  | Noticed a smoke demon
    80 | D:1      | Escaped the Abyss
   211 | D:1      | Noticed a bullfrog
   223 | D:1      | Reached * piety under Lugonu
   305 | D:1      | Reached skill level 2 in Long Blades
   435 | D:1      | Reached skill level 1 in Dodging
   435 | D:1      | Gained mutation: A weak demonic guardian rushes to your aid. [demonic ancestry]
   435 | D:1      | Reached XP level 2. HP: 24/24 MP: 4/4
   784 | D:1      | Gained mutation: You sometimes gain a little power by taking damage. [demonic ancestry]
   784 | D:1      | Reached XP level 3. HP: 29/29 MP: 5/5
  1222 | D:2      | Found a runed door.
  1226 | D:2      | Noticed Crazy Yiuf
  1234 | D:2      | Killed Crazy Yiuf
  1234 | D:2      | Reached ** piety under Lugonu
  1234 | D:2      | Gained mutation: You have a pair of small antennae on your head. [demonic ancestry]
  1234 | D:2      | Reached XP level 4. HP: 15/37 MP: 6/6
  1506 | D:2      | Reached skill level 3 in Long Blades
  1764 | D:2      | Noticed Jessica
  1780 | D:2      | Killed Jessica
  2079 | D:2      | Reached XP level 5. HP: 36/42 MP: 7/7
  2580 | D:3      | Noticed Tanis's ghost (amateur DrTm)
  2613 | D:3      | Killed Tanis's ghost
  2613 | D:3      | Reached skill level 4 in Long Blades
  2911 | D:3      | Gained mutation: You have a pair of antennae on your head. [demonic ancestry]
  2911 | D:3      | Reached XP level 6. HP: 48/48 MP: 8/8
  2927 | D:3      | Found a blossoming altar of Fedhas.
  3181 | D:3      | Reached *** piety under Lugonu
  4103 | D:4      | Found a shimmering altar of Xom.
  4136 | D:4      | Reached skill level 5 in Long Blades
  4169 | D:4      | Noticed aaaaaaaaaaaaaaaaaa's ghost (novice TrMo)
  4213 | D:4      | Slain by aaaaaaaaaaaaaaaaaa's ghost

Skill      XL: |  1  2  3  4  5  6 |
---------------+-------------------+-----
Long Blades    | 2 3 4 5 |  5.0
Dodging        | 1 |  1.0
Armour         | 2 3 |  3.4
Fighting       | 4 |  4.5
Invocations    | |  2.6

Action                   |  1- 3 |  4- 6 || total
-------------------------+-------+-------++-------
Melee: Falchion          |   110 |   223 ||   333
Invok: Depart the Abyss  |     1 |       ||     1
       Bend Space        |       |     3 ||     3
  Use: Scroll            |     5 |     3 ||     8
       Potion            |       |     2 ||     2
 Stab: Distracted        |       |     1 ||     1
  Eat: Chunk             |     1 |     6 ||     7
       Ration            |       |     1 ||     1
Armor: Leather armour    |    29 |    10 ||    39
       Scale mail        |       |   115 ||   115
Dodge: Dodged            |    48 |   100 ||   148
       Rpst.: Falchion   |    13 |    35 ||    48
